 Dungeon Crawl Stone Soup version 0.17.1-1-g73c8601 (console) character file.

45591 Kloppie the Fighter (level 14, -5/130 HPs)
             Began as a Centaur Gladiator on Dec 30, 2015.
             Was the Champion of the Shining One.
             Slain by Rupert
             ... wielding a +2 great mace of draining
              (20 damage)
             ... while paralysed by Rupert
             ... on level 7 of the Lair of Beasts on Dec 31, 2015.
             The game lasted 01:02:02 (29939 turns).

Kloppie the Fighter (Centaur Gladiator)            Turns: 29939, Time: 01:02:03

Health: -5/130     AC: 16    Str: 19    XL:     14   Next: 1%
Magic:  17/17      EV:  1    Int:  7    God:    the Shining One [******]
Gold:   646        SH:  0    Dex: 14    Spells: 0 memorised, 13 levels left

rFire  + . .     SeeInvis .     b - +0 halberd (freeze)
rCold  + . .     Clarity  +     L - +3 scale mail {rF+}
rNeg   + + +     SustAt   .     (shield currently unavailable)
rPois  +         Gourm    .     c - +1 helmet
rElec  .         Spirit   .     B - +0 cloak
rCorr  .         Warding  .     x - +0 pair of gloves
rMut   .         Stasis   .     (no barding)
MR     +....                    l - amulet of clarity
Stlth  ..........               q - ring of poison resistance
                                f - ring of protection from cold

@: paralysed, glowing, very quick, somewhat resistant to hostile enchantments,
extremely unstealthy
A: hooves 3, deformed body, speed 2, tough skin 3
a: Divine Shield, Cleansing Flame, Summon Divine Warrior, Brand Weapon With Holy
Wrath, Renounce Religion


You were on level 7 of the Lair of Beasts.
You worshipped the Shining One.
The Shining One was exalted by your worship.
You were not hungry.

You visited 3 branches of the dungeon, and saw 20 of its levels.
You also visited: Labyrinth.

You collected 902 gold pieces.
You spent 256 gold pieces at shops.

Inventory:

Hand Weapons
 a - a +0 trident
 b - a +0 halberd of freezing (weapon)
 F - a +0 demon trident
Missiles
 d - 4 throwing nets (quivered)
Armour
 c - a +1 helmet (worn)
 x - a +0 pair of gloves (worn)
 B - a +0 cloak (worn)
 L - a +3 scale mail of fire resistance (worn)
Magical Staves
 R - an uncursed staff of earth {unknown}
Jewellery
 f - a ring of protection from cold (left hand)
 l - an amulet of clarity (around neck)
 q - a ring of poison resistance (right hand)
 t - an uncursed ring of teleportation
 y - an uncursed ring of fire
 E - an uncursed amulet of resist mutation
 H - an uncursed ring of see invisible
 N - the ring "Ehesa Rea" {rF- MR+ Dex+5}
   (You found it in a labyrinth)

   [ring of protection from magic]

   It affects your dexterity (+5).
   It makes you vulnerable to fire.
   It affects your resistance to hostile enchantments.
 O - an uncursed ring of magical power
Wands
 i - a wand of cold (0)
 n - a wand of digging (10)
 w - a wand of fire (8)
 Z - a wand of fire (7)
Scrolls
 j - 3 scrolls of immolation
 o - a scroll of recharging
 p - 4 scrolls of remove curse
 C - 2 scrolls of noise
 D - 2 scrolls of fear
 I - a scroll of fog {unknown}
 J - 2 scrolls of vulnerability {unknown}
 K - a scroll of acquirement {unknown}
 T - 4 scrolls of identify
Potions
 g - 3 potions of lignification
 h - 2 potions of haste
 k - 2 potions of magic
 r - a potion of degeneration
 s - 4 potions of ambrosia
 u - 6 potions of flight
 A - 11 potions of curing
 X - 2 potions of resistance
Books
 z - the Papyrus of Aerial Aid
   (You found it in a labyrinth)

   Spells                             Type                      Level
   a - Repel Missiles                 Charms/Air                   2
   b - Ozocubu's Armour               Charms/Ice                   3
   c - Excruciating Wounds            Charms/Necromancy            5
   d - Warp Weapon                    Charms/Translocation         5
   e - Iskenderun's Battlesphere      Conjuration/Charms           5
   f - Haste                          Charms                       6
   g - Deflect Missiles               Charms/Air                   6
   h - Ring of Flames                 Charms/Fire                  7
 Q - the Tome of Mutagenic Earth
   (You found it in a labyrinth)

   Spells                             Type                      Level
   a - Sandblast                      Earth                        1
   b - Stone Arrow                    Conjuration/Earth            3
   c - Passwall                       Transmutation/Earth          3
   d - Leda's Liquefaction            Hexes/Earth                  4
   e - Petrify                        Transmutation/Earth          4
   f - Iron Shot                      Conjuration/Earth            6
   g - Statue Form                    Transmutation/Earth          6
   h - Shatter                        Earth                        9
 U - a book of Debilitation

   Spells                             Type                      Level
   a - Corona                         Hexes                        1
   b - Slow                           Hexes                        2
   c - Gell's Gravitas                Hexes/Translocation          3
   d - Inner Flame                    Hexes/Fire                   3
   e - Cause Fear                     Hexes                        4
   f - Leda's Liquefaction            Hexes/Earth                  4
Comestibles
 e - 6 bread rations
 m - 9 meat rations
 W - 7 fruits


   Skills:
 + Level 13.9 Fighting
 + Level 13.1 Polearms
 - Level 2.1 Throwing
 - Level 8.0 Armour
 + Level 7.5 Dodging
 - Level 4.0 Invocations


You had 13 spell levels left.
You didn't know any spells.

Dungeon Overview and Level Annotations

Branches:
Dungeon (11/15)            Temple (1/1) D:7            Lair (8/8) D:8
 Shoals (0/4) Lair:5       Spider (0/4) Lair:5        Slime (0/6) Lair:6
    Orc (0/4) D:10

Altars:
Ashenzari
Cheibriados
Dithmenos
Elyvilon
Fedhas
Gozag
Kikubaaqudgha
Makhleb
Nemelex Xobeh
Okawaru
Qazlal
Ru
Sif Muna
Trog
Vehumet
Xom
Yredelemnul
Zin
The Shining One
Jiyva

Shops:
D:11 (

Annotations:
Lair:2 Nergalle
Lair:7 Rupert
Lair:8 Nessos


Innate Abilities, Weirdness & Mutations

You have hooves in place of feet.
Armour fits poorly on your strangely shaped body.
You cover ground very quickly.
You have extremely tough skin (AC +3).


Message History

The wyvern is in the way.
You slash the wyvern! You freeze the wyvern. You kick the wyvern.
The wyvern is severely wounded.
Attack whom?
Press: ? - help, Dir - move target cursor, f - wyvern, p - Rupert
Aim: a wyvern (severely wounded, haloed)
You reach to attack!
You slash the wyvern! You freeze the wyvern.
You kill the wyvern!
Rupert roars wildly at you.
You suddenly lose the ability to move!
Rupert roars madly and goes into a rage!
Rupert goes berserk!
Rupert hits you with a great mace of draining!
* * * LOW HITPOINT WARNING * * *
Rupert hits you with a great mace of draining!!
* * * LOW HITPOINT WARNING * * *
Rupert hits you with a great mace of draining.
* * * LOW HITPOINT WARNING * * *
Rupert hits you with a great mace of draining!!
You die...

#.....P......PPP.....********
##.............P...#**
###.....P.##......##
.#.......##........#
...<.....####......#
..######## #.P.....##### P..#
#P.[†.......# .###
*#.P..@......#* .#
#.#...@.......****** .#
##...........#**,,,** .#*
##...P.....P#*,,,,,** ..#
***#.##......##,*,,,,,* .##
*,...*......P..,,,,,,,* ##
*....,####.....,,,,,*** #
##..,,*,,,.....,*,,,,***
*#.,,,,*,,.....*,*,,*,,,
****P,,,*,,,,,,******,,,,,P


You could see Rupert (berserk).

Vanquished Creatures
  A minotaur (Lab)
  7 hydras
  A catoblepas (Lair:6)
  7 death yaks
  A lindwurm (Lair:7)
  3 skeletal warriors (D:11)
  A hill giant (D:11)
  An unseen horror (D:10)
  An ugly thing (D:11)
  4 black mambas
  6 komodo dragons
  2 fire drakes
  9 spiny frogs
  A polar bear (Lair:6)
  11 blink frogs
  A troll (D:10)
  Grinder (D:5)
  Prince Ribbit (D:6)
  A slime creature (Lair:3)
  5 wyverns
  A shadow (D:11)
  3 wraiths
  2 hungry ghosts
  A hill giant zombie (D:10)
  7 hippogriffs
  48 yaks
  Grum (D:11)
  4 basilisks
  19 wolves
  5 swamp worms (Lair:3)
  11 porcupines
  An ice beast (D:6)
  15 water moccasins
  An eye of draining (D:8)
  5 orc warriors
  3 black bears
  4 ogres
  9 centaurs
  A sky beast (D:10)
  A big kobold (D:9)
  2 brain worms (Lair:3)
  7 crocodiles
  18 giant frogs
  A scorpion (D:11)
  A troll zombie (D:10)
  A water moccasin skeleton (D:4)
  5 killer bees (D:7)
  An electric eel (Lair:5)
  3 centaur zombies
  A gnoll shaman (D:4)
  3 hounds
  3 giant frog skeletons
  6 crimson imps
  2 giant frog zombies
  7 jellies
  6 iguanas
  Crazy Yiuf (D:6)
  2 centaur skeletons
  10 orc priests
  8 orc wizards
  9 worker ants
  6 sheep
  6 ogre zombies (D:10)
  2 hound skeletons
  2 worker ant zombies
  Robin (D:4)
  12 adders
  11 gnolls
  50 river rats
  3 shadow imps
  14 oozes
  15 worms
  An adder zombie (D:5)
  7 giant geckos
  45 orcs
  2 ball pythons
  27 goblins
  15 hobgoblins
  8 kobolds
  7 quokkas
  8 bats
  9 giant cockroaches
  8 giant newts
  2 goblin zombies (D:10)
  A hobgoblin skeleton (D:10)
  4 hobgoblin zombies (D:10)
  12 jackals
  A jackal skeleton (D:6)
  3 orc skeletons (D:10)
  15 orc zombies (D:10)
  4 rats
605 creatures vanquished.

Vanquished Creatures (others)
  An orc wizard (D:6)
  2 worker ants (D:11)
  20 fungi
  38 plants
61 creatures vanquished.

Grand Total: 666 creatures vanquished

Notes
Turn   | Place    | Note
--------------------------------------------------------------
     0 | D:1      | Kloppie the Centaur Gladiator began the quest for the Orb.
     0 | D:1      | Reached XP level 1. HP: 17/17 MP: 1/1
   424 | D:1      | Reached XP level 2. HP: 21/24 MP: 2/2
  1002 | D:1      | Reached skill level 3 in Polearms
  1076 | D:1      | Reached skill level 1 in Armour
  1100 | D:1      | Reached XP level 3. HP: 26/30 MP: 3/3
  1836 | D:2      | Found a white marble altar of Elyvilon.
  1852 | D:2      | Reached XP level 4. HP: 18/37 MP: 4/4
  2651 | D:2      | Found a sacrificial altar of Ru.
  2751 | D:3      | Found a basalt altar of Yredelemnul.
  2889 | D:3      | Noticed a centaur
  2902 | D:3      | Killed a centaur
  2902 | D:3      | Reached skill level 4 in Polearms
  2902 | D:3      | Reached XP level 5. HP: 24/45 MP: 5/5
  3960 | D:4      | Reached XP level 6. HP: 22/52 MP: 6/6
  4526 | D:4      | Found a shattered altar of Ashenzari.
  4867 | D:4      | Noticed Robin
  4890 | D:4      | Killed Robin
  5042 | D:4      | Reached XP level 7. HP: 58/60 MP: 7/7
  5550 | D:4      | Reached skill level 5 in Polearms
  6044 | D:5      | Entered Level 5 of the Dungeon
  6078 | D:5      | Reached skill level 5 in Fighting
  6561 | D:5      | Noticed Grinder
  6602 | D:5      | Paralysed by Grinder for 3 turns
  6607 | D:5      | Killed Grinder
  6607 | D:5      | Reached XP level 8. HP: 61/69 MP: 8/8
  7033 | D:5      | Found a snail-covered altar of Cheibriados.
  7048 | D:5      | Reached skill level 6 in Fighting
  7845 | D:6      | Found an ancient bone altar of Kikubaaqudgha.
  7916 | D:6      | Found a shadowy altar of Dithmenos.
  8019 | D:6      | Reached skill level 5 in Armour
  8340 | D:6      | Found a blossoming altar of Fedhas.
  8358 | D:6      | Found a deep blue altar of Sif Muna.
  8401 | D:6      | Noticed Prince Ribbit
  8418 | D:6      | Killed Prince Ribbit
  8418 | D:6      | Reached skill level 7 in Fighting
  8418 | D:6      | Reached XP level 9. HP: 23/79 MP: 9/9
  9240 | D:6      | Found a blossoming altar of Fedhas.
  9300 | D:6      | Noticed Crazy Yiuf
  9373 | D:6      | Killed Crazy Yiuf
  9375 | D:6      | HP: 1/79 [centaur/arrow of flame (3)]
 10488 | D:7      | Found a sparkling altar of Nemelex Xobeh.
 11057 | D:7      | Found a staircase to the Ecumenical Temple.
 11066 | Temple   | Entered the Ecumenical Temple
 11355 | D:7      | Reached skill level 8 in Fighting
 11357 | D:7      | Found a radiant altar of Vehumet.
 11360 | D:7      | Found a glowing golden altar of the Shining One.
 11363 | D:7      | Found a shadowy altar of Dithmenos.
 11406 | D:7      | Became a worshipper of the Shining One
 11440 | D:8      | Found a staircase to the Lair.
 11441 | D:8      | Noticed a fire drake
 11634 | D:8      | Killed a fire drake
 11998 | D:8      | Found a shattered altar of Ashenzari.
 12042 | D:8      | Got a steaming robe
 12043 | D:8      | Identified the +1 robe of Sunlight {*Drain +Inv rElec rCorr} (You found it on level 8 of the Dungeon)
 12329 | D:8      | Reached XP level 10. HP: 30/90 MP: 10/10
 12878 | D:9      | Found a burning altar of Makhleb.
 13637 | D:9      | Reached skill level 9 in Fighting
 13682 | D:9      | Reached * piety under the Shining One
 14518 | Lair:1   | Entered Level 1 of the Lair of Beasts
 16318 | Lair:2   | Noticed Nergalle
 16404 | D:10     | Entered Level 10 of the Dungeon
 16405 | D:10     | Reached ** piety under the Shining One
 16522 | D:10     | Found a staircase to the Orcish Mines.
 16525 | D:10     | Reached *** piety under the Shining One
 16537 | D:10     | Reached skill level 10 in Fighting
 16546 | D:10     | Reached XP level 11. HP: 95/99 MP: 11/11
 16599 | D:10     | Reached **** piety under the Shining One
 16815 | D:10     | Noticed an unseen horror
 16824 | D:10     | Killed an unseen horror
 17245 | D:11     | Noticed Grum
 17344 | D:11     | Killed Grum
 17362 | D:11     | Found Iwnek's Antique Weapon Boutique.
 17371 | D:11     | Noticed a skeletal warrior
 17394 | D:11     | Killed a skeletal warrior
 17394 | D:11     | Reached skill level 10 in Polearms
 17394 | D:11     | Reached skill level 1 in Invocations
 17404 | D:11     | Noticed a skeletal warrior
 17586 | D:11     | Killed a skeletal warrior
 17757 | D:11     | Noticed a skeletal warrior
 17833 | D:11     | Killed a skeletal warrior
 18029 | D:11     | Bought a glowing halberd for 128 gold pieces
 18029 | D:11     | Bought a runed halberd for 128 gold pieces
 18152 | D:11     | Noticed a hill giant
 18194 | D:11     | Killed a hill giant
 18206 | D:11     | Reached ***** piety under the Shining One
 18216 | D:11     | Reached skill level 11 in Fighting
 19284 | Lair:3   | Reached XP level 12. HP: 52/110 MP: 15/15
 19777 | Lair:3   | Noticed a six-headed hydra
 19974 | Lair:3   | Killed a six-headed hydra
 20320 | Lair:4   | Found a labyrinth entrance.
 20323 | Lair:4   | Noticed a seven-headed hydra
 20357 | Lab      | Entered a labyrinth
 21197 | Lab      | Noticed a minotaur
 21207 | Lab      | Killed a minotaur
 21223 | Lab      | Identified the Papyrus of Aerial Aid
 21227 | Lab      | Got a vibrating golden ring
 21230 | Lab      | Identified the Tome of Mutagenic Earth
 21233 | Lab      | Identified the ring "Ehesa Rea" {rF- MR+ Dex+5} (You found it in a labyrinth)
 21565 | Lair:4   | Reached skill level 12 in Fighting
 21632 | Lair:4   | Noticed a seven-headed hydra
 22060 | Lair:5   | Reached skill level 5 in Dodging
 22358 | Lair:5   | Found a staircase to the Shoals.
 22398 | Lair:5   | Found a hole to the Spider Nest.
 23219 | Lair:6   | Reached XP level 13. HP: 115/119 MP: 16/16
 24513 | Lair:6   | Reached skill level 13 in Fighting
 24640 | Lair:6   | Noticed a four-headed hydra
 24659 | Lair:6   | Killed a four-headed hydra
 24840 | Lair:6   | Found a viscous altar of Jiyva.
 24840 | Lair:6   | Found a staircase to the Slime Pits.
 25010 | Lair:6   | Noticed a catoblepas
 25025 | Lair:6   | Killed a catoblepas
 28477 | Lair:7   | Noticed Rupert
 28479 | Lair:7   | You fall through a shaft!
 28479 | Lair:8   | Entered Level 8 of the Lair of Beasts
 28479 | Lair:8   | Noticed Nessos
 28527 | Lair:8   | Reached ****** piety under the Shining One
 29461 | Lair:7   | Reached XP level 14. HP: 58/130 MP: 17/17
 29876 | Lair:7   | Paralysed by Rupert for 7 turns
 29921 | Lair:7   | Paralysed by Rupert for 3 turns
 29933 | Lair:7   | Paralysed by Rupert for 6 turns
 29939 | Lair:7   | Slain by Rupert

Action                   |  1- 3 |  4- 6 |  7- 9 | 10-12 | 13-15 || total
-------------------------+-------+-------+-------+-------+-------++-------
Melee: Trident           |   168 |   253 |   642 |    49 |    92 ||  1204
       Halberd           |       |       |    78 |  1075 |   501 ||  1654
Throw: Throwing net      |       |       |     4 |       |       ||     4
Evoke: Wand              |       |       |     5 |       |     3 ||     8
  Use: Scroll            |       |     4 |    11 |    19 |     1 ||    35
       Potion            |       |       |     5 |     3 |       ||     8
 Stab: Held in net/web   |       |       |     2 |       |       ||     2
  Eat: Chunk             |     2 |     8 |    16 |    18 |    11 ||    55
       Fruit             |       |     2 |       |     1 |     1 ||     4
       Beef jerky        |       |       |     2 |     4 |     1 ||     7
       Pizza             |       |       |     1 |     2 |       ||     3
       Bread ration      |       |       |       |     3 |     1 ||     4
       Meat ration       |       |       |       |     1 |       ||     1
       Royal jelly       |       |       |       |     1 |       ||     1
